 Dungeon Crawl Stone Soup version 0.30-a0-1160-g6e42c06551 (webtiles) character file.

Game seed: 6598104858358310037

87 Arzdou the Magician (level 4, -1/31 HPs)
             Began as a Djinni Fire Elementalist on Apr 25, 2023.
             Slain by t4s4d4r's ghost (8 damage)
             ... on level 3 of the Dungeon.
             The game lasted 00:05:26 (1692 turns).

Arzdou the Magician (Djinni Fire Elementalist)      Turns: 1692, Time: 00:05:28

Health: -1/31      AC:  2    Str:  7    XL:     4   Next: 80%
Gold:   100        EV: 12    Int: 18    God:
                   SH:  5    Dex: 14

rFire   + + .        n - +0 sling (drain)
rCold   x . .        (no shield)
rNeg    . . .        a - +0 robe
rPois   ∞            (no helmet)
rElec   .            (no cloak)
rCorr   .            (no gloves)
SInv    .            (boots unavailable)
Will    .....        h - amulet of reflection
Stlth   ++           (no ring)
HPRegen 0.25/turn    (no ring)
MPRegen 0.00/turn

%: reflection, infuse magic (-2 HP)
@: attractive, flying
A: sickness immunity, fire resistance 2, cold vulnerability 1, float, innate
caster, HP casting, extra vitality 1
a: no special abilities


You were on level 3 of the Dungeon.
You visited 1 branch of the dungeon, and saw 3 of its levels.

You collected 100 gold pieces.

Inventory:

Hand Weapons
 g - a +0 dagger
 n - a +0 sling of draining (weapon)
Missiles
 j - 37 stones
Armour
 a - a +0 robe (worn)
Jewellery
 h - an amulet of reflection (around neck)
Wands
 m - a wand of flame (23)
Scrolls
 c - 2 scrolls of teleportation
 k - a scroll of immolation {unknown}
 o - a scroll of identify {unknown}
Potions
 b - 2 potions of curing {unknown}
 e - a potion of resistance {unknown}
 f - a potion of lignification {unknown}
 i - a potion of heal wounds {unknown}
 l - a potion of brilliance {unknown}


   Skills:
 + Level 2.5 Dodging
 + Level 2.1 Stealth
 * Level 3.7 Spellcasting


You knew the following spells:

 Your Spells              Type           Power      Damage    Failure   Level
a - Foxfire               Conj/Fire      64%        2x1d7     3%          1
b - Scorch                Fire           32%        2d6       4%          2
c - Volatile Blastmotes   Fire/Tloc      32%        2d12      10%         3
d - Inner Flame           Hex/Fire       16%        N/A       10%         3
e - Flame Wave            Conj/Fire      16%        2d7       32%         4
f - Shock                 Conj/Air       64%        1d7       3%          1
Your spell library was empty.

Dungeon Overview and Level Annotations

Branches:
Dungeon (3/15)

Altars:

Annotations:
D:3 t4s4d4r's ghost, amateur DgFi


Innate Abilities, Weirdness & Mutations

You are immune to sickness and miasma.
You are immune to poison.
Your flesh is very heat resistant. (rF++)
You are vulnerable to cold. (rC-)
You float through the air rather than walking.
You learn spells naturally, not from books.
Your magical power is your life essence.
You have superior vitality. (+4 MHP)


Message History

The adder attacks as you move away! The adder barely misses you.
You block the adder's attack.
The zap hits the adder.
You kill the adder!
The zap hits the river rat but does no damage.
The river rat is almost dead.
The zap hits the quokka!
You kill the quokka!
The zap hits t4s4d4r's ghost.
T4s4d4r's ghost is lightly damaged.
The zap misses the river rat.
The zap hits t4s4d4r's ghost.
T4s4d4r's ghost is lightly damaged.
T4s4d4r's ghost says, "Crushing you to a pulp will hurt a lot.
After that?
Painless!
I promise!"
The river rat closely misses you.
The zap misses the river rat.
The zap hits t4s4d4r's ghost.
T4s4d4r's ghost is moderately damaged.
The river rat misses you.
The zap misses the river rat.
The zap hits t4s4d4r's ghost.
T4s4d4r's ghost is moderately damaged.
The river rat closely misses you.
The zap hits the river rat.
You kill the river rat!
The zap hits t4s4d4r's ghost but does no damage.
T4s4d4r's ghost is moderately damaged.
Your Stealth skill increases to level 2!
The zap hits t4s4d4r's ghost.
T4s4d4r's ghost is heavily damaged.
T4s4d4r's ghost hits you!
* * * LOW HITPOINT WARNING * * *
It was a potion of attraction.
You feel attractive to monsters. You block t4s4d4r's ghost's attack.
Casting: Shock (safe; 3% risk of failure)
Confirm with . or Enter, or press ? or * to list all spells.
Flames lash t4s4d4r's ghost.
T4s4d4r's ghost is heavily damaged.
T4s4d4r's ghost's fire resistance burns away.
* * * LOW HITPOINT WARNING * * *
T4s4d4r's ghost hits you!
You die...

~~~~~~#.##.#
~|~~~Wr..#.#
~~~~~~#r..†#
##########†#
#.# #.# #.#
#W# #@# #.#
#.# #.# #.#
#<# ###


You could see t4s4d4r's ghost (combustible).

Vanquished Creatures
  2 adders
  A river rat (D:3)
  2 dart slugs
  8 bats
  3 endoplasms (D:1)
  2 giant cockroaches (D:1)
  7 goblins
  4 hobgoblins
  2 jackals (D:2)
  5 kobolds (D:2)
  3 quokkas
  4 ball pythons
  2 frilled lizards
  10 rats
55 creatures vanquished.

Vanquished Creatures (others)
  17 foxfires
17 creatures vanquished.

Grand Total: 72 creatures vanquished

Notes
Turn   | Place    | Note
-------+----------+-------------------------------------------
     0 | D:1      | Arzdou the Djinni Fire Elementalist began the quest for the
                  | Orb.
     0 | D:1      | Arzdou set off with the following spells memorised:
                  | Foxfire, Scorch, Volatile Blastmotes, Inner Flame, Flame
                  | Wave.
     0 | D:1      | Reached XP level 1. HP: 15/15 MP: 0/0
   107 | D:1      | Reached XP level 2. HP: 20/21 MP: 0/0
   472 | D:1      | Reached skill level 3 in Spellcasting
   472 | D:1      | Reached XP level 3. HP: 22/25 MP: 0/0
   472 | D:1      | Learned a level 1 spell: Shock
  1234 | D:2      | Reached XP level 4. HP: 25/31 MP: 0/0
  1660 | D:3      | Found a runed translucent door.
  1663 | D:3      | Noticed t4s4d4r's ghost (amateur DgFi)
  1692 | D:3      | Slain by t4s4d4r's ghost

Illustrated notes

Levels and vault maps discovered:
D:1:      dpeg_arrival_fog, layout_basic, st_stairs_3
D:2:      layout_basic, basic_altar
D:3:      layout_basic, nemelex_diamond_rough_becter, lemuel_doored_altar,
          cheibrodos_ashenzari_chains, ebering_ghost_sewer_f

Skill      XL: |  1  2  3  4 |
---------------+-------------+-----
Spellcasting   | 3 |  3.7
Stealth        | 2 |  2.1
Dodging        | |  2.5

Action                     |  1- 3 |  4- 6 || total
---------------------------+-------+-------++-------
   Fire: Sling             |       |     5 ||     5
  Throw: Stone             |     1 |       ||     1
   Cast: Foxfire           |    10 |       ||    10
         Scorch            |    40 |     3 ||    43
         Shock             |       |    16 ||    16
    Use: Scroll            |     1 |       ||     1
         Potion            |       |     1 ||     1
 Armour: Robe              |     2 |     2 ||     4
  Dodge: Dodged            |    16 |    10 ||    26
  Block: Other             |       |     3 ||     3
         Reflection        |       |     1 ||     1

Table legend: (Time is in decaauts)
 A = Elapsed time spent in this place.
 B = Non-inter-level travel time spent in this place.
 C = Inter-level travel time spent in this place.
 D = Time resting spent in this place.
 E = Time spent auto-exploring this place.
 F = Levels seen in this place.
 G = Mean time per level.
                   A        B        C        D        E       F      G
               +--------+--------+--------+--------+--------+-----+--------+
         Total |   1693 |   1650 |     43 |      2 |   1346 |   3 |  564.3 |
       Dungeon |   1693 |   1650 |     43 |      2 |   1346 |   3 |  564.3 |
               +--------+--------+--------+--------+--------+-----+--------+

Top non-repeatable levels by time:
     D:2: 849 daAuts
     D:1: 800 daAuts
     D:3: 44 daAuts
